 Dungeon Crawl Stone Soup version 0.20.1-1-g8b1a95d (webtiles) character file.

26 Phantomfrettchen the Insei (level 3, 0/23 HPs)
             Began as an Octopode Transmuter on Oct 5, 2017.
             Slain by an adder (2 damage)
             ... on level 2 of the Dungeon.
             The game lasted 00:02:05 (854 turns).

Phantomfrettchen the Insei (Octopode Transmuter)     Turns: 854, Time: 00:02:05

Health: 0/23       AC:  1    Str:  9    XL:     3   Next: 8%
Magic:  6/6        EV: 13    Int: 15    God:
Gold:   49         SH:  0    Dex: 13    Spells: 5/6 levels left

rFire    . . .     SeeInvis .     - Unarmed
rCold    . . .     Gourm    .   (no shield)
rNeg     . . .     Faith    .   (helmet restricted)
rPois    .         Spirit   .   (no amulet)
rElec    .         Reflect  .   (no ring)
rCorr    .         Harm     .   (no ring)
MR       .....                  (no ring)
Stlth    ++........             (no ring)
Regen    0.1/turn               (no ring)
MPRegen  0.1/turn               (no ring)
                                (no ring)
                                (no ring)

@: lethally poisoned (0 -> -3)
A: almost no armour, stealthy swim, amphibious, 8 rings, constrict 8, camouflage
1, gelatinous body 1
a: no special abilities


You were on level 2 of the Dungeon.
You were not hungry.

You visited 1 branch of the dungeon, and saw 2 of its levels.

You collected 49 gold pieces.

Inventory:

Missiles
 a - 12 arrows
 d - 58 stones (quivered)
 j - 33 sling bullets
 l - 14 poisoned needles
Wands
 e - a wand of enslavement (10/24)
Scrolls
 h - 2 scrolls of teleportation {unknown}
 i - a scroll of magic mapping {unknown}
Potions
 g - a potion of invisibility {unknown}
Books
 b - a book of Changes

   Spells                             Type                      Level
   a - Beastly Appendage              Transmutation                1
   b - Sticks to Snakes               Transmutation                2
   c - Spider Form                    Transmutation/Poison         3
   d - Ice Form                       Ice/Transmutation            4
   e - Blade Hands                    Transmutation                5
Comestibles
 c - 3 bread rations
 k - 6 chunks of flesh


   Skills:
 - Level 1.0 Fighting
 * Level 1.9 Throwing
 - Level 2.0 Dodging
 - Level 0.4 Stealth
 - Level 3.3 Unarmed Combat
 - Level 2.0 Spellcasting
 - Level 2.0 Transmutations


You had 5 spell levels left.
You knew the following spells:

 Your Spells              Type           Power        Failure   Level  Hunger
a - Beastly Appendage     Tmut           #.....       10%         1    #......


Dungeon Overview and Level Annotations

Branches:
Dungeon (2/15)

Altars:
Xom


Innate Abilities, Weirdness & Mutations

You cannot wear most types of armour.
You are very stealthy in the water. (Stealth+)
You are amphibious.
You can wear up to eight rings at the same time.
You can use your tentacles to constrict eight enemies at once.
Your skin changes colour to match your surroundings (Stealth+).
Your rubbery body absorbs attacks. (AC +1, EV +1)


Message History

You constrict the worm. The worm bites you!
You tentacle-slap the worm. x2; You squeeze the worm.
You kill the worm!
You have reached level 3!
Your experience leads to an increase in your attributes!
Increase (S)trength, (I)ntelligence, or (D)exterity?
You feel agile.
You see here a worm corpse.
You butcher the worm corpse.
You see here 3 chunks of flesh.
The adder hisses angrily. x2
You see here 3 chunks of flesh.
k - 6 chunks of flesh (gained 3)
The adder bites you.
* * * LOW HITPOINT WARNING * * *
You are lethally poisoned!
The adder poisons you!
* * * LOW HITPOINT WARNING * * *
You feel sick. The adder bites you.
You die...

# # # # .# # ###.#
####### ######... .......
#......# ##########
####.##.#.####.........
#$...S@..........######
#......S####.####..######
#.......##.....##.##.....
..#.....#.......#.##.#.##
.#.#..#.#.......#.##.#.##
..#...#...[._.....##.#.#
#...###.#.......#.##.#.#
### #.#.......#.##.#.#
##.....##.##.#)#


You could see 2 adders.

Vanquished Creatures
  An adder (D:2)
  A worm (D:2)
  A leopard gecko (D:2)
  3 goblins
  A hobgoblin (D:2)
  2 jackals (D:2)
  A bat (D:1)
  3 kobolds
  A rat (D:2)
14 creatures vanquished.

Notes
Turn   | Place    | Note
-------+----------+-------------------------------------------
     0 | D:1      | Phantomfrettchen the Octopode Transmuter began the quest for the Orb.
     0 | D:1      | Reached XP level 1. HP: 13/13 MP: 3/3
   668 | D:2      | Reached XP level 2. HP: 18/18 MP: 5/5
   769 | D:2      | Reached skill level 1 in Throwing
   818 | D:2      | Found a shimmering altar of Xom.
   847 | D:2      | Reached XP level 3. HP: 8/23 MP: 6/6
   854 | D:2      | Slain by an adder

Skill      XL: |  1  2 |
---------------+-------+-----
Throwing       | 1 |  1.9
Fighting       | |  1.0
Dodging        | |  2.0
Stealth        | |  0.4
Unarmed Combat | |  3.3
Spellcasting   | |  2.0
Transmutations | |  2.0

Action                   || total
-------------------------++-------
Melee: Unarmed           ||    32
       Tentacles         ||     7
       Constrict         ||     8
       Punch             ||     1
  Use: Potion            ||     2
 Stab: Sleeping          ||     3
Armor: Skin              ||     3
Dodge: Dodged            ||    21
